 Dungeon Crawl Stone Soup version 0.30.1-11-g7821555f0a (webtiles) character file.

Game seed: 9865778626678816925

1675150 Hi5aMiFi the Conqueror (level 27, 273/273 HPs)
             Began as a Minotaur Berserker on Dec 14, 2023.
             Was the Champion of Trog.
             Escaped with the Orb
             ... and 3 runes on Dec 16, 2023!
             The game lasted 07:52:59 (72801 turns).

Hi5aMiFi the Conqueror (Minotaur Berserker)        Turns: 72801, Time: 07:53:00

Health: 273/273    AC: 49    Str: 56    XL:     27
Magic:  15/22      EV: 11    Int:  5    God:    Trog [******]
Gold:   1361       SH: 30    Dex:  7    Spells: 26/26 levels left

rFire   + + .        s - +14 demon whip of Nipp {heavy, Str+8}
rCold   + . .        J - +2 tower shield {rN+}
rNeg    + . .        w - +10 gold dragon scales
rPois   +            (helmet unavailable)
rElec   +            z - +4 dragonskin cloak
rCorr   +            G - +0 pair of gloves "Wycw" {rCorr Str+3}
SInv    .            L - +2 pair of boots
Will    +++..        j - amulet "Ratu" {Reflect rPois Regen+ Str+4 SH+5} Stlth
                     f - +4 ring of slaying
HPRegen 1.45/turn    S - ring "Muhiupp" {rElec Str+6 Int+3}
MPRegen 0.18/turn

%: reflection
@: hasted, very quick
A: horns 3, retaliatory headbutt, hooves 1, clumsy 1, deterioration 2, dopey 2,
fire resistance 1, strong-willed 1, MP-powered wands
0: Orb of Zot
}: 3/15 runes: barnacled, slimy, gossamer
a: Renounce Religion, Berserk, Trog's Hand, Brothers in Arms


You escaped.
You worshipped Trog.
Trog was exalted by your worship.
You visited 12 branches of the dungeon, and saw 55 of its levels.
You also visited: Ossuary, Ice Cave and Desolation.

You collected 9264 gold pieces.
You spent 7903 gold pieces at shops.

Inventory:

Hand Weapons
 s - the +14 demon whip of Nipp (weapon) {heavy, Str+8}
   (Trog gifted it to you on level 3 of the Crypt)

   Str:       It affects your strength (+8).
 R - the +5 demon whip "Spellbinder" {antimagic, disrupt, Will+}
   (You found it on level 1 of the Realm of Zot)

   Will:      It increases your willpower.
Missiles
 u - 7 silver javelins
 D - 7 silver boomerangs
 M - 38 boomerangs (quivered)
 N - 7 throwing nets
 P - 13 javelins
 V - 7 boomerangs of dispersal
 X - 24 curare-tipped darts
Armour
 w - +10 gold dragon scales (worn)
 y - a scarf of resistance
 z - the +4 dragonskin cloak (worn)
   (You took it off Tiamat on level 5 of the Realm of Zot)

   Avatar's Aegis: It grants the wearer a chance to resist fire, cold, poison,
   electricity, acid, and negative energy.
 E - a +2 hat of see invisible
 G - the +0 pair of gloves "Wycw" (worn) {rCorr Str+3}
   (You took it off Nikola on level 2 of the Shoals)

   Str:       It affects your strength (+3).
   rCorr:     It protects you from acid and corrosion.
 J - a +2 tower shield of positive energy (worn)
 L - a +2 pair of boots (worn)
Jewellery
 d - the ring of Tulips {rF+ rC++ rN+}
   (You bought it in a shop on level 2 of the Elven Halls)

   [ring of protection from fire]

   rF:        It protects you from fire.
   rC:        It greatly protects you from cold.
   rN:        It protects you from negative energy.
 f - a +4 ring of slaying (left hand)
 j - the amulet "Ratu" (around neck) {Reflect rPois Regen+ Str+4 SH+5}
   (You bought it in a shop on level 4 of the Shoals)

   [amulet of reflection]

   It reflects blocked missile attacks.
   Str:       It affects your strength (+4).
   rPois:     It protects you from poison.
   Regen:     It increases your rate of health regeneration.
   SH:        It affects your SH (+5).
 m - a +4 ring of slaying
 r - the ring "Bumiyll" {rElec rN+ Dex+2}
   (You found it on level 3 of the Crypt)

   [ring of positive energy]

   Dex:       It affects your dexterity (+2).
   rElec:     It insulates you from electricity.
   rN:        It protects you from negative energy.
 B - the ring "Seil Xass" {rN+ Will+ Dex+3}
   (You bought it in a shop on level 2 of the Elven Halls)

   [ring of positive energy]

   Dex:       It affects your dexterity (+3).
   rN:        It protects you from negative energy.
   Will:      It increases your willpower.
 S - the ring "Muhiupp" (right hand) {rElec Str+6 Int+3}
   (You found it on level 4 of the Realm of Zot)

   [ring of strength]

   Str:       It affects your strength (+6).
   Int:       It affects your intelligence (+3).
   rElec:     It insulates you from electricity.
 W - the ring "Qadgh" {rN+ rCorr SInv}
   (You found it on level 3 of the Crypt)

   [ring of positive energy]

   rN:        It protects you from negative energy.
   SInv:      It lets you see invisible.
   rCorr:     It protects you from acid and corrosion.
Wands
 n - a wand of paralysis (30)
 p - a wand of acid (18)
 t - a wand of roots (29)
 I - a wand of digging (20)
Scrolls
 a - 3 scrolls of fear
 b - 10 scrolls of poison
 c - 8 scrolls of fog
 g - 5 scrolls of silence
 k - 23 scrolls of teleportation
 F - 11 scrolls of immolation
 H - 3 scrolls of summoning
 T - a scroll of blinking
 Y - 16 scrolls of vulnerability
Potions
 e - 4 potions of ambrosia
 h - 8 potions of heal wounds
 i - a potion of lignification
 o - 3 potions of resistance
 q - 18 potions of curing
 v - 9 potions of attraction
 x - 13 potions of flight
 A - 2 potions of might
 C - 12 potions of mutation
 K - 6 potions of invisibility
 Q - 2 potions of cancellation
 Z - a potion of haste
Miscellaneous
 l - a phantom mirror (inert)
 O - a box of beasts
 U - a condenser vane


   Skills:
 O Level 27 Fighting
 - Level 2.0 Short Blades
 - Level 20.0 Maces & Flails
 + Level 21.1 Throwing
 O Level 27 Armour
 - Level 5.0 Dodging
 O Level 27 Shields
 - Level 20.0 Evocations


You had 26 spell levels left.
You didn't know any spells.
Your spell library was empty.

Dungeon Overview and Level Annotations

Branches:
Dungeon (15/15)            Temple (1/1) D:5            Lair (5/5) D:8
 Shoals (4/4) Lair:3       Spider (4/4) Lair:2        Slime (5/5) Lair:4
    Orc (2/2) D:9             Elf (3/3) Orc:2        Vaults (4/5) D:14
  Crypt (3/3) Vaults:3       Tomb (0/3) Crypt:3      Depths (4/4) D:15
    Zot (5/5) Depths:4    Ossuary (visited)           IceCv (visited)
Desolation (visited)

Altars:
Ashenzari
Cheibriados
Dithmenos
Elyvilon
Kikubaaqudgha
Nemelex Xobeh
Okawaru
Qazlal
Sif Muna
Trog
Uskayaw
Wu Jian
Xom
Yredelemnul
Zin
The Shining One
Jiyva
Lugonu

Shops:
D:2 ([   D:8 *   D:11 ?   Orc:2 (=(*   Elf:1 =   Elf:2 =   Shoals:2 *
Shoals:4 =   Vaults:1 [   Vaults:4 (   Depths:3 (

Portals:
Hell: Depths:1 Depths:2 Depths:3 Depths:4
Abyss: Depths:1 Depths:2 Depths:3 Depths:4
Pandemonium: Depths:2
Ziggurat: Depths:4

Annotations:
Crypt:2 2 runed translucent doors, Roocroe's ghost, veteran MiGl
Depths:1 exclusion: obsidian statue


Innate Abilities, Weirdness & Mutations

You have a pair of large horns on your head.
You reflexively headbutt those who attack you in melee.
You have large cloven feet.
You are clumsy. (Dex -2)
Your body often deteriorates upon taking damage.
You are very dopey. (Int -4)
Your flesh is heat resistant. (rF+)
You are strong-willed. (Will+)
You expend magic power (3 MP) to strengthen your wands.


Message History

You climb upwards.
There is a stone staircase leading down here.
Aiming: Dig
Press: ? - help, Shift-Dir - straight line A rock wall.
This square is covered in magical glow.
You feel a surge of power!
The rock shatters into small pieces.
Aiming: Dig
Press: ? - help, Shift-Dir - straight line A rock wall.
This square is covered in magical glow.
You feel a surge of power!
The rock shatters into small pieces.
There is a stone staircase leading up here.
You climb upwards.
There is a stone staircase leading down here.
You feel yourself speed up.
There is a stone staircase leading up here.
You climb upwards.
There is a stone staircase leading down here.
Unknown command.
Aiming: Dig
Press: ? - help, Shift-Dir - straight line A rock wall.
This square is covered in magical glow.
You feel a surge of power!
The rock shatters into small pieces.
Blink to where?
Press: ? - help, Dir - move target
As you read the scroll of blinking, it crumbles to dust.
Unknown command.
Aiming: Dig
Press: ? - help, Shift-Dir - straight line This square is covered in magical glow.
You feel a surge of power!
The rock shatters into small pieces.
Blink to where?
Press: ? - help, Dir - move target
As you read the scroll of blinking, it crumbles to dust.
Blink to where?
Press: ? - help, Dir - move target
As you read the scroll of blinking, it crumbles to dust.
You have escaped!

.#.##.#..)....#≈≈≈#.......##.#.##
.........#######≈#######..##.#.##
......#..# ##......^## #.........
##.#..>..###.........###.....#.##
#.......##...........##..####.##
###.....#.............#..## #...
#....##.............##..######
#...#.#.............#.#..##...
####..#.........@.........#..#.##
.......#.#.....[.......#.#..##.##
........##.............##...##.#.
.........#.............#....##.#.
####.....##..§.......)##....##...
#.....###.........###..######.
#.....# #....§§..## #..# #†
#.....###.###§#######..# #.
#..........#§§≈#.......######.


There were no monsters in sight!

Vanquished Creatures
  the Royal Jelly (Slime:5)
  Tiamat (Zot:5)
  A dread lich (Zot:5)
  3 ancient liches
  7 orbs of fire
  A juggernaut (Depths:3)
  Vv (Crypt:1)
  Bai Suzhen (Depths:1)
  3 Killer Klowns (Zot:5)
  The ghost of howech the Severer, a veteran MiGl of the Shining One (Vaults:3)
  5 curse toes
  2 caustic shrikes (Depths:3)
  7 golden dragons
  Nikola (Shoals:2)
  A profane servitor (Depths:4)
  Arachne (Spider:3)
  3 bone dragons
  4 electric golems
  Mlioglotl (Spider:3)
  20 tentacled monstrosities
  A shard shrike skeleton (Crypt:3)
  Rupert (Lair:3)
  9 quicksilver dragons
  11 liches
  28 Orb Guardians
  14 acid blobs
  3 deep elf master archers (Elf:3)
  2 deep elf blademasters (Elf:3)
  A walking frostbound tome (Depths:3)
  Polyphemus (Shoals:2)
  A titan (Depths:3)
  5 krakens
  8 ancient champions
  Frances (D:13)
  9 death cobs
  A sphinx (Vaults:4)
  Donald (Shoals:2)
  9 shadow dragons
  7 draconian monks
  10 rockslimes
  12 storm dragons
  6 tengu reavers
  4 revenants
  10 azure jellies
  Roxanne (Shoals:2)
  8 draconian knights
  Ilsuiw (Shoals:2)
  10 fire giants
  The ghost of rozman the Sorcerer, an adept SpCj of Vehumet (Vaults:1)
  7 frost giants
  11 deep elf sorcerers (Elf:3)
  3 draconian stormcallers
  14 vault wardens
  6 emperor scorpions
  11 draconian scorchers
  2 spectral caustic shrikes (Depths:3)
  A caustic shrike zombie (Depths:3)
  9 ghost moths
  Aizul (Crypt:1)
  3 curse skulls (Crypt:3)
  A cacodemon (Depths:2)
  12 ironbound preservers
  8 draconian shifters
  3 imperial myrmidons (Desolation)
  A spectral juggernaut (Depths:3)
  4 orc warlords
  4 ghouls
  6 deep elf elementalists (Elf:3)
  2 angels (Elf:1)
  The ghost of bnorton916 the Devastator, an adept DECj of Gozag (Spider:4)
  3 broodmothers
  4 spriggan defenders
  3 reapers
  4 ironbound thunderhulks
  10 quicksilver oozes
  A caustic shrike skeleton (Depths:3)
  5 vampire knights
  A juggernaut skeleton (Depths:3)
  16 very ugly things
  3 draconian annihilators
  11 stone giants
  10 deep elf demonologists
  A lorocyproca (Depths:1)
  15 green draconians
  12 black draconians
  2 demonspawn black suns (Zot:3)
  6 deep elf annihilators
  11 yellow draconians
  12 dire elephants
  Azrael (Spider:1)
  10 purple draconians
  15 white draconians
  10 red draconians
  20 spark wasps
  15 jiangshi
  14 deep elf death magi
  4 eidola
  4 merfolk javelineers
  3 mummy priests (Crypt:3)
  8 merfolk impalers
  12 yaktaur captains
  5 fire dragons
  3 crystal guardians (Desolation)
  A quicksilver dragon zombie (Crypt:1)
  Harold (D:9)
  11 great orbs of eyes
  Josephine (Lair:3)
  11 ragged hierophants (Desolation)
  3 rakshasas
  10 servants of whispers (Desolation)
  12 ice dragons
  9 entropy weavers
  8 peacekeepers (Desolation)
  6 spriggan air magi
  22 ironbound frosthearts
  4 deep elf high priests (Elf:3)
  4 hydras
  A juggernaut simulacrum (Depths:3)
  3 vault guards
  A caustic shrike simulacrum (Depths:3)
  3 hell beasts (Depths:3)
  2 spriggan skeletons
  A quicksilver dragon skeleton (Crypt:1)
  2 ogre magi
  An alligator snapping turtle (Shoals:4)
  A spectral stone giant (Vaults:3)
  7 centaur warriors
  8 deep troll shamans
  3 satyrs
  3 catoblepae
  8 merfolk aquamancers
  5 boulder beetles
  2 death knights
  3 merfolk avatars
  5 death yaks
  An Orb Guardian skeleton (Crypt:2)
  11 tengu warriors
  8 deep troll earth magi
  7 two-headed ogres
  3 orc high priests
  12 vampire magi
  38 dancing weapons
  6 hell knights
  A titan zombie (Crypt:1)
  A spriggan berserker (Depths:2)
  3 sun demons
  A storm dragon zombie (Depths:3)
  7 spriggans
  14 deep elf knights
  4 skeletal warriors (Crypt:1)
  2 soul eaters
  Nergalle (Orc:1)
  9 iron trolls
  The ghost of JimboTheBarbarian the Severer, a novice MiBe of Trog (D:8)
  2 cherubim (D:14)
  A sixfirhy (Depths:2)
  8 shadow wraiths
  6 skysharks
  57 deep trolls
  Amaemon (D:9)
  10 sea snakes
  4 pharaoh ants (Spider:4)
  A spark wasp zombie (Depths:3)
  A sun moth (Spider:1)
  A golden dragon zombie (Crypt:2)
  14 flayed ghosts
  3 glowing orange brains
  12 deep elf archers
  An orange crystal statue (IceCv)
  2 bog bodies (Crypt:2)
  14 phantasmal warriors
  15 orb spiders
  5 steelbarb worms
  20 orc knights
  8 wizards
  A shadow dragon zombie (Depths:3)
  18 necromancers
  Pikel (D:9)
  8 harpies
  23 deep elf pyromancers
  An anaconda skeleton (Crypt:3)
  An obsidian statue (Zot:4)
  A tengu zombie (Depths:3)
  11 lindwurms
  38 deep elf zephyrmancers
  19 ironbound convokers
  5 orc sorcerers (Orc:2)
  A frost giant zombie (Depths:3)
  3 cyclopes
  34 ugly things
  An iron dragon zombie (Crypt:3)
  28 wolf spiders
  5 shining eyes
  2 shadow dragon skeletons
  11 manticores
  A fire giant zombie (Depths:3)
  A human zombie (Crypt:1)
  12 fauns
  3 naga zombies
  A faun (shapeshifter) (Vaults:4)
  6 black mambas
  16 merfolk sirens
  11 elephants
  A frost giant skeleton (Crypt:2)
  35 moths of wrath
  A toenail golem (D:6)
  7 demonic crawlers
  5 guardian serpents (Desolation)
  Maurice (Orc:1)
  2 ice statues (Spider:1)
  9 torpor snails
  12 vault sentinels
  3 gargoyles
  11 cane toads
  A smoke demon (Depths:1)
  7 water nymphs
  A yellow draconian zombie (Crypt:2)
  An orange demon (D:9)
  A dire elephant skeleton (Crypt:3)
  A centaur skeleton (Crypt:3)
  A death yak zombie (Crypt:2)
  2 dire elephant zombies
  An unseen horror (D:10)
  11 rime drakes
  2 komodo dragons
  22 yaktaurs
  4 tengu conjurers
  A spark wasp simulacrum (Depths:3)
  7 guardian mummies (Crypt:3)
  A red devil (Depths:4)
  8 trolls
  An ice devil (Depths:2)
  6 freezing wraiths
  50 merfolk
  An iron troll skeleton (Crypt:2)
  The ghost of JumbleTraveling the Slasher, an amateur GnCK of Xom (D:3)
  4 golden dragon simulacra (Depths:3)
  68 saltlings (Desolation)
  8 wind drakes
  15 hornets
  13 polar bears
  An iron dragon simulacrum (Crypt:1)
  10 dream sheep
  24 tarantellas
  19 flying skulls
  A centaur simulacrum (Crypt:1)
  5 snapping turtles
  A stone giant simulacrum (Vaults:3)
  45 jumping spiders
  An ice dragon skeleton (Crypt:2)
  4 shadows
  6 air elementals
  23 culicivoras
  13 wyverns
  13 wraiths
  94 slime creatures
  3 ushabtiu (Crypt:3)
  27 water elementals
  A dire elephant simulacrum (Crypt:3)
  56 yaks
  A vampire (D:10)
  5 basilisks
  A slime creature zombie (Crypt:1)
  3 golden eyes (Slime:5)
  An alligator snapping turtle simulacrum (Crypt:2)
  A neqoxec (Depths:2)
  10 fire elementals
  69 redbacks
  7 steam dragons
  2 chaos spawn (Depths:2)
  Edmund (D:4)
  A naga (shapeshifter) (D:15)
  A harpy simulacrum (Crypt:1)
  20 water moccasins
  6 wargs
  3 acid dragons
  A hydra simulacrum (Crypt:1)
  2 hell hounds (Spider:1)
  Duvessa (D:5)
  A fire bat skeleton (Crypt:2)
  A cane toad skeleton (Crypt:1)
  35 orc warriors
  5 sky beasts
  A snapping turtle zombie (Crypt:1)
  2 ice beasts
  9 ogres
  2 black bears
  6 wolves (Orc:1)
  2 boggarts
  21 centaurs
  2 phantoms
  2 elf zombies (Ossuary)
  8 kobold brigands
  A yaktaur zombie (Crypt:3)
  A cyclops zombie (Crypt:2)
  A gnoll sergeant (Temple)
  14 bullfrogs
  2 scorpions
  2 earth elementals
  A salamander skeleton (Crypt:2)
  5 wights
  Dowan (D:5)
  6 killer bees
  A raiju skeleton (Crypt:3)
  6 howler monkeys
  6 electric eels
  10 jellies
  A black bear zombie (Crypt:3)
  6 hounds
  2 gnoll boudas
  A quasit (D:6)
  A human skeleton (Crypt:1)
  15 orc priests
  2 sleepcaps
  5 iguanas
  16 orc wizards
  An ogre zombie (Crypt:3)
  A hound skeleton (Crypt:3)
  2 mummies (Ossuary)
  15 gnolls
  A steam dragon zombie (Crypt:1)
  7 adders
  A river rat (Lair:2)
  3 shadow imps
  A white imp (D:5)
  3 ufetubi
  3 adder zombies (Ossuary)
  2 dart slugs
  76 orcs
  5 ball pythons
  4 endoplasms (D:1)
  6 giant cockroaches
  11 goblins
  5 hobgoblins
  2 jackals (D:2)
  24 kobolds
  6 quokkas
  6 bats
  A dart slug zombie (Crypt:3)
  An endoplasm zombie (Crypt:3)
  2 frilled lizards
  A gnoll skeleton (Crypt:3)
  A goblin zombie (D:4)
  10 hobgoblin zombies
  A jackal zombie (Ossuary)
  16 kobold zombies
  3 orc skeletons
  9 orc zombies
  9 rats
  3 rat zombies
  A river rat skeleton (Crypt:2)
  24 tentacles
2625 creatures vanquished.

Vanquished Creatures (collateral kills)
  A golden dragon (Zot:5)
  Jory (Depths:3)
  Jorgrun (Elf:1)
  A lich (Depths:3)
  Louise (Elf:2)
  A ghoul (Crypt:1)
  A merfolk javelineer (Depths:1)
  A servant of whispers (Desolation)
  A hydra (Lair:5)
  A radroach (Spider:3)
  A merfolk aquamancer (Shoals:4)
  2 death yaks (Lair:5)
  3 dancing weapons
  2 orc high priests (Orc:2)
  Sonja (Lair:5)
  A deep elf knight (Elf:1)
  An iron troll (Depths:1)
  A deep troll (Depths:1)
  A sea snake (Shoals:4)
  A deep elf archer (Elf:1)
  2 deep elf zephyrmancers
  3 orc knights (Orc:2)
  2 deep elf pyromancers
  An orc sorcerer (Orc:2)
  5 ugly things
  A faun (Shoals:2)
  A guardian serpent (Lair:5)
  A merfolk siren (Shoals:4)
  A torpor snail (Lair:5)
  A vault sentinel (Vaults:3)
  3 cane toads (Lair:5)
  A tarantella (Spider:1)
  2 saltlings (Desolation)
  2 jumping spiders (Spider:3)
  A water elemental (Elf:1)
  3 yaks (Lair:5)
  A fire elemental (Elf:1)
  3 redbacks
  2 orc warriors (Orc:2)
  An orc priest (Orc:2)
  2 orc wizards (Orc:2)
  An endoplasm (D:1)
64 creatures vanquished.

Vanquished Creatures (others)
  A deep elf knight (Elf:3)
  A shadow wraith (Crypt:3)
  A deep elf zephyrmancer (Elf:3)
  3 deep elf pyromancers
  A wizard (D:9)
  A redback (Spider:1)
  An orc priest (Orc:2)
  49 spectral weapons
  37 tentacles
95 creatures vanquished.

Grand Total: 2784 creatures vanquished

Notes
Turn   | Place    | Note
-------+----------+-------------------------------------------
     0 | D:1      | Hi5aMiFi the Minotaur Berserker began the quest for the
                  | Orb.
     0 | D:1      | Reached XP level 1. HP: 19/19 MP: 0/0
   265 | D:1      | Reached XP level 2. HP: 8/28 MP: 1/1
   432 | D:1      | Reached skill level 1 in Short Blades
   551 | D:1      | Reached XP level 3. HP: 33/34 MP: 2/2
   804 | D:1      | Reached ** piety under Trog
  1177 | D:2      | Found a transporter.
  1177 | D:2      | Found Foanwur's Weapon Boutique.
  1201 | D:2      | Found a transporter.
  1278 | D:2      | Found Veoranoo's Antique Armour Shop.
  1495 | D:2      | Found a faded altar of an unknown god.
  1695 | D:2      | Reached skill level 1 in Shields
  1721 | D:2      | Reached skill level 5 in Fighting
  1907 | D:2      | Reached XP level 4. HP: 25/42 MP: 3/3
  2437 | D:3      | Found a runed translucent door.
  2438 | D:3      | Noticed JumbleTraveling's ghost (amateur GnCK)
  3017 | D:3      | Found an iron altar of Okawaru.
  3017 | D:3      | Found a shimmering altar of Xom.
  3142 | D:4      | Found an ornate altar of the Wu Jian Council.
  3142 | D:4      | Found a basalt altar of Yredelemnul.
  3160 | D:4      | Noticed Edmund
  3179 | D:5      | Entered Level 5 of the Dungeon
  3230 | D:5      | Noticed a scorpion
  3236 | D:5      | Killed a scorpion
  3237 | D:5      | Reached XP level 5. HP: 48/48 MP: 4/4
  3273 | D:4      | Found a sand-covered staircase.
  3282 | D:4      | Killed Edmund
  3283 | D:4      | Reached skill level 5 in Armour
  3283 | D:4      | Reached XP level 6. HP: 57/57 MP: 5/5
  3293 | Ossuary  | Entered an ossuary
  3367 | Ossuary  | Reached *** piety under Trog
  4148 | D:4      | Reached XP level 7. HP: 64/64 MP: 6/6
  5176 | D:2      | Bought an embroidered hat for 168 gold pieces
  5737 | D:5      | Found a broken altar of Ashenzari.
  5784 | D:5      | Found a staircase to the Ecumenical Temple.
  5871 | Temple   | Entered the Ecumenical Temple
  6121 | D:5      | Noticed Duvessa
  6121 | D:5      | Noticed Dowan
  6141 | D:5      | Killed Duvessa
  6142 | D:5      | Reached XP level 8. HP: 73/73 MP: 7/7
  6144 | D:5      | Killed Dowan
  6343 | D:5      | Identified the +1 leather armour of the Gloaming {Rampage
                  | Regen+ Int+5 Slay-2}
  6628 | D:5      | Identified the +5 chain mail of Deazeymi {rF+ Int+2}
  6915 | D:4      | Reached **** piety under Trog
  7149 | D:6      | Found a glowing golden altar of the Shining One.
  7242 | D:6      | Reached skill level 10 in Armour
  7328 | D:6      | Reached skill level 5 in Shields
  7427 | D:6      | Reached skill level 5 in Maces & Flails
  7562 | D:6      | Reached XP level 9. HP: 81/81 MP: 8/8
  7697 | D:6      | Found a stormy altar of Qazlal.
  7697 | D:6      | Found a shimmering blue altar of Sif Muna.
  8019 | D:6      | Identified the +3 leather armour "Zoyrei" {Int+3 Dex+3}
  8115 | D:7      | Found a hide-covered altar of Uskayaw.
  8115 | D:7      | Noticed a +0 hand axe
  8115 | D:7      | Noticed a +0 hand axe
  8596 | D:7      | Noticed a troll
  8849 | D:8      | Found an ancient bone altar of Kikubaaqudgha.
  8893 | D:8      | Identified the staff of air "Komats" {rElec Str+3}
  9184 | D:8      | Reached skill level 1 in Evocations
  9236 | D:8      | Found a staircase to the Lair.
  9236 | D:8      | Noticed an elephant
  9248 | D:8      | Killed an elephant
  9249 | D:8      | Reached XP level 10. HP: 87/91 MP: 9/9
  9512 | D:2      | Bought a kite shield for 108 gold pieces
  9512 | D:2      | Bought a pair of boots for 108 gold pieces
  9863 | D:8      | Found Liguclen's General Store.
  9871 | D:8      | Bought a scroll of enchant weapon for 82 gold pieces
  9871 | D:8      | Bought a scroll of identify for 22 gold pieces
  9890 | D:8      | Found a white marble altar of Elyvilon.
  9920 | D:8      | Found a runed translucent gate.
  9920 | D:8      | Found a runed translucent gate.
  9920 | D:8      | Found a runed translucent gate.
  9920 | D:8      | Noticed JimboTheBarbarian's ghost (novice MiBe)
 10206 | D:9      | Reached ***** piety under Trog
 10225 | D:9      | Found a staircase to the Orcish Mines.
 10280 | D:9      | Noticed Amaemon
 10297 | D:9      | Killed Amaemon
 10298 | D:9      | Reached skill level 10 in Fighting
 10298 | D:9      | Reached skill level 10 in Shields
 10349 | D:9      | Noticed an orange demon
 10362 | D:9      | Killed an orange demon
 10420 | D:9      | Noticed a two-headed ogre
 10430 | D:9      | Killed a two-headed ogre
 10431 | D:9      | Reached skill level 1 in Throwing
 10547 | D:9      | Noticed Pikel
 10553 | D:9      | Killed Pikel
 10580 | D:9      | Found a bloodstained altar of Trog.
 10583 | D:9      | Noticed a wizard
 10588 | D:9      | Killed a wizard
 10640 | D:9      | Reached XP level 11. HP: 99/99 MP: 10/10
 10643 | D:9      | Noticed Harold
 10659 | D:9      | Killed Harold
 11247 | Lair:1   | Entered Level 1 of the Lair of Beasts
 11262 | D:8      | Reached skill level 5 in Evocations
 11881 | Lair:1   | Received a gift from Trog
 11961 | Lair:1   | Reached skill level 10 in Maces & Flails
 12458 | Lair:2   | Found a hole to the Spider Nest.
 12754 | Lair:2   | Noticed a seven-headed hydra
 12764 | Lair:2   | Killed a seven-headed hydra
 13015 | Lair:2   | Identified the +9 shortbow of Theory {antimagic, Will++
                  | Dex+4}
 13830 | Lair:3   | You fall into a shaft and drop 2 floors!
 13830 | Lair:5   | Entered Level 5 of the Lair of Beasts
 13830 | Lair:5   | Noticed a skyshark
 13835 | Lair:5   | Killed a skyshark
 13836 | Lair:5   | Reached XP level 12. HP: 105/113 MP: 11/11
 13837 | Lair:5   | Noticed a catoblepas
 13848 | Lair:5   | Killed a catoblepas
 14006 | Lair:3   | Found a staircase to the Shoals.
 14275 | Lair:3   | Identified the +1 long sword of Integrity {freeze, Fragile
                  | rElec Int+4}
 14573 | Lair:3   | Noticed Rupert
 14854 | Lair:4   | Found a viscous altar of Jiyva.
 14958 | Lair:4   | Found a staircase to the Slime Pits.
 15530 | Lair:5   | Received a gift from Trog
 15590 | Lair:5   | Reached skill level 15 in Fighting
 15674 | Slime:1  | Entered Level 1 of the Pits of Slime
 15730 | Lair:5   | Reached XP level 13. HP: 125/126 MP: 12/12
 16414 | Lair:5   | Noticed Sonja
 16416 | Lair:5   | Killed Sonja
 17035 | Lair:5   | Reached skill level 15 in Armour
 17937 | D:3      | Killed JumbleTraveling's ghost
 18024 | D:8      | Killed JimboTheBarbarian's ghost
 18068 | D:8      | Bought a scroll of poison for 44 gold pieces
 18115 | D:10     | Entered Level 10 of the Dungeon
 18633 | D:10     | Reached XP level 14. HP: 135/135 MP: 13/13
 19218 | D:11     | Found Meoky's Magic Scroll Shop.
 19226 | D:11     | Bought a scroll of identify for 32 gold pieces
 19226 | D:11     | Bought a scroll of identify for 32 gold pieces
 19226 | D:11     | Bought a scroll of identify for 32 gold pieces
 19385 | D:11     | Identified the +12 long sword "Juqy Sea" {freeze, rC+ rCorr
                  | Str-2 SInv}
 20433 | D:13     | Noticed Frances
 20451 | D:13     | Killed Frances
 20452 | D:13     | You fall into a shaft and drop 2 floors!
 20452 | D:15     | Entered Level 15 of the Dungeon
 21958 | D:14     | Reached ****** piety under Trog
 22125 | D:14     | Found a gate to the Vaults.
 22608 | Orc:1    | Entered Level 1 of the Orcish Mines
 22736 | Orc:1    | Noticed Maurice
 22756 | Orc:1    | Killed Maurice
 22856 | Orc:1    | Noticed Nergalle
 22866 | Orc:1    | Killed Nergalle
 22959 | Orc:1    | Reached XP level 15. HP: 143/145 MP: 14/14
 23046 | Orc:1    | Received a gift from Trog
 23107 | Orc:2    | Entered Level 2 of the Orcish Mines
 23646 | Orc:2    | Found a staircase to the Elven Halls.
 23768 | Orc:2    | Found Famaob's Antique Weapon Shop.
 24115 | Orc:2    | Found Feverogh's Assorted Antiques.
 24132 | Orc:2    | Found Kykivok's Weapon Emporium.
 24137 | Orc:2    | Bought a coppery potion for 19 gold pieces
 24137 | Orc:2    | Bought a scroll of identify for 44 gold pieces
 24140 | Orc:2    | Found Faic's Jewellery Emporium.
 24357 | Lair:3   | Killed Rupert
 24435 | Lair:3   | Noticed Josephine
 24455 | Lair:3   | Killed Josephine
 24460 | Lair:3   | Reached skill level 15 in Shields
 24573 | Lair:3   | Identified the +5 ring mail of the Bouncing Knives {SInv}
 24978 | Shoals:1 | Entered Level 1 of the Shoals
 24986 | Shoals:1 | Received a gift from Trog
 25482 | Shoals:1 | Noticed a kraken
 25506 | Shoals:1 | Killed a kraken
 25585 | Shoals:1 | Identified the +5 scimitar of Tomorrow {spect, rC- Int+5}
 25623 | Shoals:1 | Noticed a kraken
 26030 | Shoals:1 | Killed a kraken
 26357 | Shoals:2 | Noticed Polyphemus
 26385 | Shoals:2 | Noticed Ilsuiw
 26422 | Shoals:1 | Found a runed translucent door.
 26433 | Shoals:1 | Noticed a kraken
 26878 | Shoals:1 | Killed a kraken
 26931 | Shoals:1 | Received a gift from Trog
 27329 | Shoals:1 | Reached XP level 16. HP: 148/157 MP: 15/15
 27444 | Shoals:2 | Noticed Donald
 27452 | Shoals:2 | Killed Donald
 27972 | Shoals:2 | Killed Polyphemus
 27972 | Shoals:2 | Received a gift from Trog
 27988 | Shoals:2 | Found Kyquif's Overcharged Wands.
 28440 | D:2      | Bought gold dragon scales for 1920 gold pieces
 28929 | Shoals:2 | Killed Ilsuiw
 29299 | Shoals:2 | Identified the +0 pair of gloves "Wycw" {rCorr Str+3}
 29299 | Shoals:2 | Noticed Nikola
 29316 | Shoals:2 | Killed Nikola
 29336 | Shoals:2 | Identified Roxanne's Compilation of Transmogrification
 29336 | Shoals:2 | Noticed Roxanne
 30408 | Shoals:3 | Noticed a kraken
 30424 | Shoals:3 | Killed a kraken
 30719 | Shoals:4 | Entered Level 4 of the Shoals
 30815 | Shoals:4 | Found Hipuufri's Jewellery Boutique.
 31179 | Shoals:4 | Noticed a kraken
 31240 | Shoals:4 | Killed a kraken
 31311 | Shoals:4 | Got a barnacled rune of Zot
 31641 | Shoals:4 | Received a gift from Trog
 31648 | Shoals:4 | Identified the +0 leather armour "Tofem" {Fly Dex+4 SInv}
 31803 | Shoals:4 | Identified the +3 falchion of Demand {venom, Str+3 Int+4}
 31849 | Shoals:4 | Reached XP level 17. HP: 152/168 MP: 16/16
 32197 | Shoals:4 | Identified the staff of air "Reloe" {rElec Str+2 Int+6
                  | Stlth+}
 32357 | Shoals:4 | Identified the +5 hand axe of the Healing Scorpion {drain,
                  | Dex+7}
 32679 | Spider:1 | Entered Level 1 of the Spider Nest
 32689 | Spider:1 | Found a frozen archway.
 32786 | IceCv    | Entered an ice cave
 34081 | IceCv    | Received a gift from Trog
 34868 | Spider:1 | Noticed Azrael
 34883 | Spider:1 | Killed Azrael
 34884 | Spider:1 | Reached skill level 5 in Throwing
 35455 | Spider:2 | Received a gift from Trog
 36405 | Spider:3 | Identified a scroll of acquirement
 36409 | Spider:3 | Reached XP level 18. HP: 178/178 MP: 17/17
 37128 | Spider:3 | Acquired 640 gold pieces
 37142 | Spider:3 | Noticed Mlioglotl
 37150 | Spider:3 | Killed Mlioglotl
 37288 | Spider:3 | Noticed Arachne
 37298 | Spider:3 | Killed Arachne
 37676 | Shoals:4 | Bought the amulet "Ratu" {Reflect rPois Regen+ Str+4 SH+5}
                  | for 793 gold pieces
 37852 | Spider:4 | Entered Level 4 of the Spider Nest
 37906 | Spider:4 | Received a gift from Trog
 38228 | Spider:4 | Noticed bnorton916's ghost (adept DECj)
 38229 | Spider:4 | Found a runed translucent door.
 38302 | Spider:4 | Killed bnorton916's ghost
 39031 | Spider:4 | Received a gift from Trog
 39202 | Spider:4 | Got a gossamer rune of Zot
 39497 | Shoals:2 | Killed Roxanne
 39788 | Vaults:1 | Entered Level 1 of the Vaults
 40598 | Vaults:1 | Reached XP level 19. HP: 191/191 MP: 18/18
 40640 | Vaults:1 | Found Ycsig's Antique Armour Emporium.
 40702 | Vaults:1 | Reached skill level 10 in Throwing
 40938 | Vaults:1 | Found a runed translucent door.
 40950 | Vaults:1 | Noticed rozman's ghost (adept SpCj)
 40991 | Vaults:1 | Killed rozman's ghost
 41122 | Vaults:1 | Received a gift from Trog
 42009 | Vaults:2 | Received a gift from Trog
 42787 | Vaults:3 | Found a staircase to the Crypt.
 42837 | Vaults:3 | Reached skill level 10 in Evocations
 43029 | Vaults:3 | Received a gift from Trog
 43221 | Vaults:3 | Reached XP level 20. HP: 187/202 MP: 19/19
 43309 | Vaults:3 | Found a transporter.
 43314 | Vaults:3 | Found a transporter.
 43341 | Vaults:3 | Noticed howech's ghost (veteran MiGl)
 43612 | Vaults:3 | Received a gift from Trog
 43712 | Vaults:3 | Identified the +3 quarterstaff "Xeixkag" {freeze, rElec
                  | rCorr Str+5 Dex-2}
 43712 | Vaults:3 | Identified the ring of Sloth {rF+ rCorr Dex+3}
 44433 | Vaults:4 | Received a gift from Trog
 44778 | Vaults:4 | Found Yleed's Antique Weapon Shop.
 45027 | D:11     | Bought a scroll of silence for 152 gold pieces
 45027 | D:11     | Bought a scroll of summoning for 152 gold pieces
 45027 | D:11     | Bought a scroll of magic mapping for 120 gold pieces
 45027 | D:11     | Bought a scroll of magic mapping for 120 gold pieces
 45245 | Vaults:4 | Bought a crude morningstar for 153 gold pieces
 45245 | Vaults:4 | Identified the +3 morningstar of the Several Souls {flame,
                  | rC+ Int+2 Dex+4 Stlth+} (You bought it in a shop on level 4
                  | of the Vaults)
 45981 | Vaults:4 | Received a gift from Trog
 46321 | D:15     | Identified the +1 glaive of the Pill Bug {speed, rPois
                  | rF+++ rC- Str+2}
 46562 | D:15     | Found a staircase to the Depths.
 47830 | Orc:2    | Bought the ring of Uwkifrus {Ice Drain rElec rCorr SInv}
                  | for 561 gold pieces
 48002 | Elf:1    | Entered Level 1 of the Elven Halls
 48077 | Elf:1    | Found a crumbling gateway.
 48079 | Elf:1    | Noticed Jorgrun
 48094 | Elf:1    | Killed Jorgrun
 48123 | Elf:1    | Found a white marble altar of Elyvilon.
 48123 | Elf:1    | Found a glowing silver altar of Zin.
 48123 | Elf:1    | Found a glowing golden altar of the Shining One.
 48135 | Desolati | Entered the Desolation of Salt
 48153 | Desolati | Reached XP level 21. HP: 211/211 MP: 20/20
 48155 | Desolati | Received a gift from Trog
 48226 | Desolati | Identified the +2 mace of Ru's Favour {heavy, *Rage rElec
                  | rC+++ Str-2}
 48239 | Desolati | Identified the +9 quarterstaff of Pain and Death {flame,
                  | rF- rN+ Will+}
 48240 | Desolati | Identified the +1 buckler "Hukugew" {Str+3 Dex-2}
 48537 | Desolati | Identified the +6 falchion "Ruasoiphuwea" {speed, rPois rC-
                  | Int+3}
 48564 | Desolati | Identified the amulet "Utitara" {Acrobat rF++ SInv}
 48565 | Desolati | Identified the +0 robe of the Earth {*Slow rCorr Str+8
                  | Int+3}
 48667 | Desolati | Received a gift from Trog
 48688 | Desolati | Identified the +0 rapier of Lakeag {freeze, Dex+3}
 49280 | Desolati | Identified the +4 plate armour of the Gate {rN+ rCorr
                  | Int-4}
 49413 | Elf:1    | Identified the +1 rapier of the Genius {protect, Drain
                  | Str+2 Int+6 Dex-3}
 49766 | Elf:1    | Paralysed by an air elemental for 1 turns
 49798 | Elf:1    | Received a gift from Trog
 50031 | Elf:1    | Paralysed by an air elemental for 1 turns
 50034 | Elf:1    | Found Leices's Jewellery Shop.
 50035 | Elf:1    | Paralysed by an air elemental for 1 turns
 50226 | Elf:1    | Identified the +1 plate armour "Jienin" {rPois}
 50368 | Elf:2    | Noticed Louise
 50373 | Elf:2    | Reached skill level 15 in Throwing
 50374 | Elf:2    | Received a gift from Trog
 50382 | Elf:2    | Killed Louise
 50512 | Elf:2    | Found a runed translucent gate.
 50592 | Elf:2    | Found a runed translucent gate.
 50596 | Elf:2    | Found a runed translucent gate.
 50739 | Elf:2    | Identified the +0 pair of gloves of the Gate {rPois Str+3}
 50783 | Elf:2    | Found Xosah's Jewellery Emporium.
 51487 | Elf:2    | Received a gift from Trog
 51632 | Elf:2    | Reached XP level 22. HP: 216/222 MP: 21/21
 51735 | Elf:2    | Bought the ring "Seil Xass" {rN+ Will+ Dex+3} for 816 gold
                  | pieces
 51765 | Elf:3    | Entered Level 3 of the Elven Halls
 52615 | Elf:3    | Received a gift from Trog
 52764 | Elf:3    | Identified the +7 broad axe of Ligheli {heavy, *Corrode
                  | rC++ Dex+2}
 52793 | Elf:3    | Identified the staff of earth "Biomeof" {rF+ rC- Will+}
 52802 | Elf:3    | Identified the +7 sling of Blood {freeze, Fragile rC+ rN+}
 52827 | Elf:3    | Found the +7 Throatcutter {drain, coup de grace}
 52842 | Elf:3    | Found the +7 mace of Variability {chaos, chaos arc}
 52848 | Elf:3    | Identified the +0 robe "Vake" {-Tele rElec rC+ Slay+4}
 52853 | Elf:3    | Identified the staff of cold "Hyack" {Fly rPois rC+ Will+
                  | Int+3}
 52863 | Elf:3    | Identified the staff of air "Enegappi" {rElec rCorr Dex+2}
 52885 | Elf:3    | Identified the staff of earth "Kuotitya" {rC- Will+ SInv}
 53455 | Crypt:1  | Entered Level 1 of the Crypt
 53477 | Crypt:1  | Noticed Vv
 53501 | Crypt:1  | Killed Vv
 53991 | Crypt:1  | Noticed Aizul
 54006 | Crypt:1  | Killed Aizul
 54006 | Crypt:1  | Received a gift from Trog
 54711 | Crypt:2  | Found a large runed translucent door.
 54713 | Crypt:2  | Found a large runed translucent door.
 54714 | Crypt:2  | Noticed Roocroe's ghost (veteran MiGl)
 55023 | Crypt:3  | Entered Level 3 of the Crypt
 55044 | Crypt:3  | Identified the +14 demon whip of Nipp {heavy, Str+8} (Trog
                  | gifted it to you on level 3 of the Crypt)
 55044 | Crypt:3  | Received a gift from Trog
 55245 | Crypt:3  | Reached XP level 23. HP: 222/234 MP: 22/22
 55676 | Crypt:3  | Acquired a manual of Maces & Flails
 55967 | Crypt:3  | Found a staircase to the Tomb.
 56105 | Crypt:3  | Received a gift from Trog
 56480 | Crypt:3  | Found an ancient bone altar of Kikubaaqudgha.
 56485 | Crypt:3  | Identified the staff of death "Zomas" {rPois rN+}
 56487 | Crypt:3  | Found a basalt altar of Yredelemnul.
 56506 | Crypt:3  | Identified the ring "Qadgh" {rN+ rCorr SInv}
 56506 | Crypt:3  | Identified the ring "Midi" {rC+ rN+}
 56506 | Crypt:3  | Identified the ring "Bumiyll" {rElec rN+ Dex+2}
 56516 | Crypt:3  | Identified the staff of cold "Umuzucw" {Fly rC+ Will+ Str+3
                  | Dex-2}
 56664 | Crypt:3  | Identified the +10 hand axe "Fet Gion" {heavy, rElec rCorr}
 57008 | Vaults:3 | Killed howech's ghost
 57640 | Orc:2    | Bought 6 boomerangs of dispersal for 396 gold pieces
 57941 | Slime:2  | Gained mutation: You occasionally lose the ability to drink
                  | potions when taking damage. [a shining eye]
 57954 | Slime:1  | Received a gift from Trog
 57958 | Slime:1  | Lost mutation: You occasionally lose the ability to drink
                  | potions when taking damage. [potion of mutation]
 57958 | Slime:1  | Gained mutation: You are vulnerable to cold. (rC-) [potion
                  | of mutation]
 57958 | Slime:1  | Gained mutation: You have large cloven feet. [potion of
                  | mutation]
 57958 | Slime:1  | Gained mutation: You are strong-willed. (Will+) [potion of
                  | mutation]
 57959 | Slime:1  | Lost mutation: You have large cloven feet. [potion of
                  | mutation]
 57959 | Slime:1  | Lost mutation: You are vulnerable to cold. (rC-) [potion of
                  | mutation]
 57959 | Slime:1  | Gained mutation: You have hidden genetic potential. [potion
                  | of mutation]
 57959 | Slime:1  | Gained mutation: You expend magic power (3 MP) to
                  | strengthen your wands. [potion of mutation]
 57959 | Slime:1  | Gained mutation: You passively map a small area around you.
                  | [potion of mutation]
 58039 | Slime:3  | Reached skill level 15 in Evocations
 58189 | Slime:3  | Found a viscous altar of Jiyva.
 58274 | Slime:5  | Entered Level 5 of the Pits of Slime
 58432 | Slime:5  | Received a gift from Trog
 58439 | Slime:4  | Gained mutation: Your mind is acute. (Int +4, Str/Dex -1)
                  | [a shining eye]
 58440 | Slime:4  | Gained mutation: Your body sometimes deteriorates upon
                  | taking damage. [a shining eye]
 58504 | Slime:5  | Noticed the Royal Jelly
 58569 | Slime:5  | Found a viscous altar of Jiyva.
 58586 | Slime:5  | Found the +8 frozen axe "Frostbite" {freeze, freezing
                  | cloud, *Noise Fly rC+}
 58666 | Slime:5  | Killed the Royal Jelly
 58738 | Slime:5  | Identified the +5 morningstar of Xom's Whim {venom, rElec
                  | Dex-2 SInv}
 58752 | Slime:5  | Identified the +3 flail of Balyb {heavy, rC+ Will- Str+4
                  | Stlth+}
 58754 | Slime:5  | Got a slimy rune of Zot
 58799 | Slime:5  | Identified the +5 great mace "Jyofenut" {heavy, rElec}
 58813 | Slime:5  | Identified the ring "Lydaraiq" {+Blink EV+5 Str+3}
 58825 | Slime:5  | Identified the +6 falchion "Dyukoj" {flame, rF+ rC+ Str+3
                  | Dex+3}
 58923 | Slime:5  | Identified the staff of death "Giazxoha" {rPois rN+ Str+3
                  | SInv}
 59502 | Depths:1 | Entered Level 1 of the Depths
 59833 | Depths:1 | Found a snail-covered altar of Cheibriados.
 59870 | Depths:1 | Found a gateway to Hell.
 59907 | Depths:1 | Found a shadowy altar of Dithmenos.
 59919 | Depths:1 | Reached XP level 24. HP: 243/243 MP: 22/22
 60003 | Depths:1 | Noticed Bai Suzhen
 60020 | Depths:1 | Killed Bai Suzhen
 60040 | Depths:1 | Received a gift from Trog
 60074 | Depths:1 | Found a one-way gate to the infinite horrors of the Abyss.
 60213 | Depths:1 | Found a sparkling altar of Nemelex Xobeh.
 60467 | Depths:2 | Reached skill level 15 in Maces & Flails
 60635 | Depths:2 | Found a shadowy altar of Dithmenos.
 60810 | Depths:2 | Found a one-way gate leading to the halls of Pandemonium.
 60811 | Depths:2 | Gained mutation: You are vulnerable to cold. (rC-) [a
                  | neqoxec]
 60859 | Depths:2 | Received a gift from Trog
 60872 | Depths:2 | Found a corrupted altar of Lugonu.
 61445 | Depths:3 | Gained mutation: You are partially covered in iridescent
                  | scales. (AC +2) [hidden potential]
 61508 | Depths:3 | Found a basalt altar of Yredelemnul.
 62073 | Depths:3 | Received a gift from Trog
 62089 | Depths:3 | Noticed a juggernaut
 62092 | Depths:3 | Identified the ring of Voasal {rPois rC+ rCorr}
 62466 | Depths:3 | Found Ucurelle's Antique Weapon Shoppe.
 62607 | Depths:3 | Noticed Jory
 62613 | Depths:3 | Identified the +5 mace of the Extremely Mad {heavy, rC+
                  | Int-3 SInv} (Trog gifted it to you on level 3 of the
                  | Depths)
 62613 | Depths:3 | Received a gift from Trog
 62621 | Depths:3 | Killed Jory
 62712 | Depths:3 | Found an ancient bone altar of Kikubaaqudgha.
 62871 | Depths:3 | Killed a juggernaut
 62872 | Depths:3 | Reached XP level 25. HP: 168/255 MP: 20/22
 62999 | Depths:3 | Identified the +1 arbalest of Beogh {speed, Fly rC++ Dex+3}
 63001 | Depths:3 | Identified the +7 rapier "Widowmaker" {elec, rCorr Str-4
                  | SInv}
 63159 | Depths:3 | Reached skill level 27 in Fighting
 63304 | Depths:4 | Entered Level 4 of the Depths
 63415 | Depths:4 | Reached skill level 27 in Shields
 63573 | Depths:4 | Found a shimmering altar of Xom.
 63581 | Depths:4 | Found a one-way gateway to a ziggurat.
 63966 | Depths:4 | Received a gift from Trog
 64240 | Depths:4 | Found a gate to the Realm of Zot.
 64671 | Orc:2    | Bought a scroll of silence for 209 gold pieces
 64901 | Shoals:2 | Bought a wand of digging (11) for 693 gold pieces
 65193 | Elf:2    | Bought the ring of Tulips {rF+ rC++ rN+} for 1127 gold
                  | pieces
 65622 | Zot:1    | Entered Level 1 of the Realm of Zot
 65771 | Depths:4 | Gained mutation: You have a pair of large horns on your
                  | head. [hidden potential]
 65771 | Depths:4 | Lost mutation: You have hidden genetic potential. [hidden
                  | potential expressed]
 65941 | Zot:1    | Lost mutation: You expend magic power (3 MP) to strengthen
                  | your wands. [potion of mutation]
 65941 | Zot:1    | Lost mutation: You are vulnerable to cold. (rC-) [potion of
                  | mutation]
 65941 | Zot:1    | Gained mutation: Your body often deteriorates upon taking
                  | damage. [potion of mutation]
 65941 | Zot:1    | Gained mutation: You are highly strong-willed. (Will++)
                  | [potion of mutation]
 65942 | Zot:1    | Lost mutation: You passively map a small area around you.
                  | [potion of mutation]
 65942 | Zot:1    | Lost mutation: Your body often deteriorates upon taking
                  | damage. [potion of mutation]
 65942 | Zot:1    | Lost mutation: You are partially covered in iridescent
                  | scales. (AC +2) [potion of mutation]
 65942 | Zot:1    | Gained mutation: You occasionally lose the ability to read
                  | scrolls when taking damage. [potion of mutation]
 65942 | Zot:1    | Gained mutation: Your spells are a little easier to cast,
                  | but a little less powerful. [potion of mutation]
 65942 | Zot:1    | Gained mutation: Your flesh is cold resistant. (rC+)
                  | [potion of mutation]
 65943 | Zot:1    | Lost mutation: You have a pair of large horns on your head.
                  | [potion of mutation]
 65943 | Zot:1    | Lost mutation: Your mind is acute. (Int +4, Str/Dex -1)
                  | [potion of mutation]
 65943 | Zot:1    | Lost mutation: You are highly strong-willed. (Will++)
                  | [potion of mutation]
 65943 | Zot:1    | Gained mutation: You expend magic power (3 MP) to
                  | strengthen your wands. [potion of mutation]
 65949 | Zot:1    | Lost mutation: Your body sometimes deteriorates upon taking
                  | damage. [potion of mutation]
 65949 | Zot:1    | Lost mutation: Your spells are a little easier to cast, but
                  | a little less powerful. [potion of mutation]
 65949 | Zot:1    | Lost mutation: Your flesh is cold resistant. (rC+) [potion
                  | of mutation]
 65949 | Zot:1    | Gained mutation: You have a pair of large horns on your
                  | head. [potion of mutation]
 65949 | Zot:1    | Gained mutation: You are partially covered in iridescent
                  | scales. (AC +2) [potion of mutation]
 65949 | Zot:1    | Gained mutation: You are mostly covered in iridescent
                  | scales. (AC +4) [potion of mutation]
 65950 | Zot:1    | Lost mutation: You are mostly covered in iridescent scales.
                  | (AC +4) [potion of mutation]
 65950 | Zot:1    | Lost mutation: You occasionally lose the ability to read
                  | scrolls when taking damage. [potion of mutation]
 65950 | Zot:1    | Lost mutation: You are partially covered in iridescent
                  | scales. (AC +2) [potion of mutation]
 65950 | Zot:1    | Gained mutation: Your flesh is heat resistant. (rF+)
                  | [potion of mutation]
 65950 | Zot:1    | Gained mutation: You have large cloven feet. [potion of
                  | mutation]
 66167 | Zot:1    | Identified the +0 chain mail "Beiwel" {Regen+ Int+2}
 66184 | Zot:1    | Found the +5 demon whip "Spellbinder" {antimagic, disrupt,
                  | Will+}
 66268 | Zot:1    | You fall into a shaft and drop 1 floor!
 66581 | Zot:2    | Reached skill level 27 in Armour
 66794 | Zot:2    | Received a gift from Trog
 66839 | Zot:2    | Reached skill level 5 in Dodging
 67553 | Zot:2    | Noticed an ancient lich
 67564 | Zot:2    | Killed an ancient lich
 67661 | Zot:2    | Identified the +8 shortbow "Onuatoav" {heavy, rF+ rCorr}
 67795 | Zot:3    | Received a gift from Trog
 67928 | Zot:3    | Reached XP level 26. HP: 249/266 MP: 22/22
 67953 | Zot:3    | Noticed an orb of fire
 67965 | Zot:3    | Killed an orb of fire
 67968 | Zot:3    | Identified the +9 whip "Qyretero" {drain, Drain Str+9 SInv}
 69021 | Zot:4    | Received a gift from Trog
 69061 | Zot:4    | Found a transporter.
 69153 | Zot:4    | Noticed an orb of fire
 69153 | Zot:4    | Gained mutation: Your body sometimes deteriorates upon
                  | taking damage. [an orb of fire]
 69164 | Zot:4    | Killed an orb of fire
 69488 | Zot:4    | Found a transporter.
 69960 | Zot:4    | Received a gift from Trog
 70307 | Zot:4    | Identified the +9 falchion of Wealth {protect, rC+ Int-2
                  | Dex+6}
 70548 | Zot:4    | Identified the ring "Muhiupp" {rElec Str+6 Int+3}
 70605 | Zot:5    | Entered Level 5 of the Realm of Zot
 71258 | Zot:5    | Noticed a dread lich
 71266 | Zot:5    | Killed a dread lich
 71309 | Zot:5    | Noticed an ancient lich
 71314 | Zot:5    | Killed an ancient lich
 71356 | Zot:5    | Reached XP level 27. HP: 256/273 MP: 22/22
 71376 | Zot:5    | Noticed an orb of fire
 71377 | Zot:5    | Gained mutation: Your body often deteriorates upon taking
                  | damage. [an orb of fire]
 71383 | Zot:5    | Killed an orb of fire
 71409 | Zot:5    | Noticed an orb of fire
 71421 | Zot:5    | Gained mutation: You are dopey. (Int -2) [an orb of fire]
 71432 | Zot:5    | Gained mutation: You are very dopey. (Int -4) [an orb of
                  | fire]
 71433 | Zot:5    | Killed an orb of fire
 71752 | Zot:5    | Noticed an orb of fire
 71755 | Zot:5    | Gained mutation: You are clumsy. (Dex -2) [an orb of fire]
 71764 | Zot:5    | Killed an orb of fire
 71776 | Zot:5    | Noticed an orb of fire
 71786 | Zot:5    | Killed an orb of fire
 71820 | Zot:5    | Found the +4 dragonskin cloak
 71820 | Zot:5    | Noticed Tiamat
 71838 | Zot:5    | Killed Tiamat
 71855 | Zot:5    | Noticed an orb of fire
 71857 | Zot:5    | Killed an orb of fire
 71871 | Zot:5    | Received a gift from Trog
 72006 | Zot:5    | Noticed an ancient lich
 72015 | Zot:5    | Killed an ancient lich
 72267 | Zot:5    | Got the Orb of Zot
 72801 | D:$      | Escaped with the Orb!

Illustrated notes

Levels and vault maps discovered:
D:1:      psy_arrival_dodecagon, layout_loops_cross
D:2:      layout_basic, serial_shops, nicolae_shop_hallway_plus,
          nicolae_shop_drivethru, shapermc_ecumenical_altar_rom_forum,
          minmay_randomly_rotated_circles
D:3:      layout_loops_ring, gammafunk_temple_overflow_elements,
          gammafunk_ghost_grave
D:4:      layout_loops_corners, gammafunk_temple_overflow_pools,
          enter_ossuary_4, patterned_corridor, uniq_edmund
D:5:      layout_basic, ashenzari_altar_1, minmay_temple_entry_slanted,
          minivault_11, uniq_duvessa
D:6:      layout_gridville, nicolae_tso_besieged_by_evil,
          chequers_temple_overflow_statue_of_worship
D:7:      kennysheep_windowed_halls, layout_basic, dancing_weapons_uskayaw
D:8:      layout_gridville, mainiacjoe_overflow_concentric_impassable,
          lemuel_round_altar, david_lair_generic, serial_shops,
          nicolae_shop_waterfront, ebering_ghost_rock_garden
D:9:      layout_basic, trog_wizard, orc_0_dummy, uniq_harold, uniq_amaemon,
          uniq_pikel
D:10:     layout_irregular_city, kennysheep_potato
D:11:     layout_rooms, serial_shops, nicolae_shop_tiny_waterfront
D:12:     layout_basic
D:13:     layout_roguey, uniq_frances
D:14:     layout_irregular_city, hangedman_vaults_entry_quadrant_bands, pf_eden
D:15:     hangedman_depths_entry_try_elsewhere_first, layout_gridville,
          minmay_hedge_maze
Temple:   cyrus_temple_forest
Lair:1:   layout_cave_pods
Lair:2:   layout_gridlike, nicolae_spider_entry_tight_spaces,
          serial_bayou_lagoon_b, grunt_megastairs_3
Lair:3:   layout_small_grid, minmay_shoals_entry_centaurs, lemuel_fruit_fields,
          serial_bayou_shore_a, grunt_megastairs_5, uniq_josephine, uniq_rupert
Lair:4:   layout_small_grid, nicolae_slime_entry_field_trip, st_stairs_13
Lair:5:   hangedman_lair_tendril_chambers, layout_big_grid,
          chequers_serial_rivers_marsh, uniq_sonja
Shoals:1: nicolae_shoals_lighthouse, layout_shoals
Shoals:2: layout_shoals, nicolae_shop_overcharged_wands, uniq_nikola,
          uniq_donald, uniq_ilsuiw, uniq_roxanne, uniq_polyphemus
Shoals:3: layout_shoals
Shoals:4: shoals_end_hangedman, layout_shoals,
          nicolae_shoals_lost_giant_amphitheater,
          minmay_shop_enchanted_jewellery
Spider:1: nicolae_spider_mines_1, portal_ice_cave_entry_ice_statue_two,
          uniq_azrael
Spider:2: layout_spider_delve, guppyfry_spider_mini_2
Spider:3: layout_spider_delve, uniq_mlioglotl, uniq_arachne
Spider:4: spider_rune_water, hellmonk_ghost_happy_afterlife
Slime:1:  cheibrodos_slime_lost_civilization_2, layout_caves
Slime:2:  layout_caves
Slime:3:  layout_caves, basic_altar, nicolae_slime_round_cave
Slime:4:  layout_caves
Slime:5
Orc:1:    layout_diamond_mine, mines5_lemuel, uniq_nergalle, uniq_maurice
Orc:2:    st_orc_elflike, layout_diamond_mine
Elf:1:    elf_arrival_001, layout_gridlike, portal_desolation_entry_holy_temple,
          serial_shops, shop, minivault_28, minmay_the_grid_2x2
          [minmay_the_grid_tiny_cups, minmay_the_grid_spin_star,
          minmay_the_grid_rooms, minmay_the_grid_prize_diamond_cup],
          uniq_jorgrun
Elf:2:    elven_hall_of_blades_hangedman_original
          [nicolae_blade_entry_diamond_columns], layout_loops_cross,
          serial_shops, nicolae_shop_getting_attention, uniq_louise
Elf:3:    minmay_elf_hall_hex, layout_loops_cross
Vaults:1: hellmonk_ghost_big_iron, special_room_vaults [special_room_orc],
          nicolae_vaults_tetromino_T_1, nicolae_vaults_border_crossing,
          nicolae_vaults_trapezoid_2, nicolae_vaults_sesquioval_fish,
          nicolae_vaults_closet_pinwheel_1, nicolae_vaults_turnstiles,
          layout_vaults_omnigrid, serial_shops, nicolae_shop_crystal
Vaults:2: ontoclasm_vaults_twist, ontoclasm_vaults_decontamination,
          nicolae_vaults_layer_cake_slice, nicolae_vaults_tetromino_Z_1,
          nicolae_vaults_trapezoid_1, v_pattern_1,
          nicolae_vaults_shrinking_rooms_2, hangedman_vaults_trim,
          vaults_standard_mumra_lines, vaults_room_boxed,
          vaults_mumra_minichess, nicolae_vaults_apartment_1,
          layout_vaults_omnibox
Vaults:3: gammafunk_ghost_mausoleum, minmay_crypt_entry_simple_corners,
          v_misc_30, nicolae_vaults_little_squares_5, grunt_vaults_twisty,
          nicolae_vaults_little_squares_5, nicolae_vaults_closet_pinwheel_1,
          ontoclasm_vaults_fault, nicolae_vaults_rhombus_6,
          layout_vaults_big_room
Vaults:4: vaults_room_door_ring, v_misc_3, vaults_mumra_hexcomb,
          nicolae_vaults_little_squares_2, nicolae_vaults_halls_meeting,
          serial_ice_h, nicolae_vaults_tetromino_Z_2,
          nicolae_vaults_closet_pinwheel_1, v_misc_15,
          nicolae_vaults_doubleplus_tesselated, nicolae_vaults_shelves_hall,
          vaults_room_door_ring, nicolae_vaults_house_2,
          dpeg_vaults_monster_box, layout_vaults_ring, serial_shops,
          nicolae_shop_tiny_statue_garden
Crypt:1:  layout_gridlike, roderic_lattice_octagonal_star,
          grunt_crypt_arrival_webbed, uniq_aizul, uniq_vv
Crypt:2:  layout_rooms, ebering_ghost_disaster_area
Crypt:3:  lightli_unholy_cathedral, layout_chaotic_city,
          tomb_entry_shell_bobbens, eino_tiny_chamber
Depths:1: layout_cave_pools, abyss_entry, hangedman_tar_grid_catacomb,
          nemelex_spade_bored_becter, st_stairs_4, amcnicky_mini_pool_small,
          hangedman_feature_mirror, hangedman_abyss_or_decor_stabs,
          hangedman_devilish_allure, uniq_bai_suzhen
Depths:2: minmay_inside_and_out, layout_cave_shapes, hangedman_geh_valley,
          minmay_misc_feat_four_crosses, abyss_entry_flame_altar,
          grunt_pan_entry_zigzag, grunt_dithmenos_smoke_and_mirrors,
          minmay_staircase_statues_hall_small
Depths:3: lemuel_vampire_tower, layout_basic, serial_shops, shop, hell_entry,
          hangedman_abyss_entry_splay, basic_altar, minivault_12,
          infiniplex_staircase_door_maze
Depths:4: evilmike_zot_entry_diamond, layout_honeycomb, enter_ziggurat_d,
          abyss_entry, grunt_hell_entry_dis_mu, xom_teletrap_fun
Zot:1:    layout_onion
Zot:2:    layout_gridlike, lemuel_lich_library
Zot:3:    dreamdust_black_sun_cult, layout_concentric_octagons
Zot:4:    gammafunk_sealed_arena, layout_twisted_circle, zot_minivault_8,
          grunt_megastairs_1
Zot:5:    layout_basic, uniq_tiamat

Skill      XL: |  1  2  3  4  5  6  7  8  9 10 11 12 13 14 15 16 17 18 19 20 21 22 23 24 25 26 27 |
---------------+----------------------------------------------------------------------------------+-----
Fighting       | 4 5 6 7 9 10 12 15 16 18 19 20 21 22 23 25 26 27 | 27.0
Short Blades   | 1 2 |  2.0
Shields        | 1 2 5 9 11 12 14 15 19 22 23 25 26 27 | 27.0
Armour         | 4 5 6 9 10 12 15 17 20 22 25 27 | 27.0
Maces & Flails | 5 7 8 10 12 14 17 20 | 20.0
Evocations     | 2 4 5 6 8 10 13 15 16 19 20 | 20.0
Throwing       | 1 2 5 9 13 14 16 18 21 | 21.1
Dodging        | 5 |  5.0

Action                     |  1- 3 |  4- 6 |  7- 9 | 10-12 | 13-15 | 16-18 | 19-21 | 22-24 | 25-27 || total
---------------------------+-------+-------+-------+-------+-------+-------+-------+-------+-------++-------
  Melee: Mace              |    21 |       |       |       |       |       |       |       |       ||    21
         Headbutt          |    21 |    18 |    42 |    98 |   230 |   380 |   362 |   493 |   250 ||  1894
         Dagger            |    83 |    59 |       |       |       |       |       |       |       ||   142
         Punch             |     2 |       |     3 |       |       |       |       |       |       ||     5
         Flail             |       |    79 |   237 |   321 |   909 |  1228 |  1043 |   170 |       ||  3987
         Demon whip        |       |       |       |   118 |     7 |       |   140 |   746 |   880 ||  1891
         Sacred scourge    |       |       |       |       |       |       |       |   639 |       ||   639
  Throw: Stone             |    13 |    10 |    27 |     5 |     1 |       |       |       |       ||    56
         Dart              |       |       |     9 |    19 |    25 |       |       |       |       ||    53
         Boomerang         |       |       |       |     6 |    23 |   175 |   183 |    97 |   214 ||   698
         Throwing net      |       |       |       |     1 |       |       |       |     1 |       ||     2
         Javelin           |       |       |       |       |       |       |     3 |    36 |    42 ||    81
 Invoke: Berserk           |     1 |     2 |     3 |     1 |     1 |       |       |       |       ||     8
         Trog's Hand       |     1 |       |     1 |     5 |     5 |     6 |    12 |    12 |     4 ||    46
         Brothers in Arms  |       |       |       |     1 |     7 |     8 |     3 |     3 |       ||    22
  Evoke: Wand              |       |     3 |     3 |    14 |    32 |    20 |     5 |     3 |    21 ||   101
         Phantom mirror    |       |       |       |       |       |     2 |     1 |     2 |     1 ||     6
         Phial of floods   |       |       |       |       |       |       |     2 |       |       ||     2
         Condenser vane    |       |       |       |       |       |       |     1 |     1 |       ||     2
         Box of beasts     |       |       |       |       |       |       |       |       |     1 ||     1
    Use: Scroll            |     4 |     1 |     8 |    12 |    21 |    17 |    14 |    15 |    17 ||   109
         Potion            |       |       |       |     1 |     7 |    14 |    10 |    18 |    22 ||    72
   Stab: Sleeping          |     1 |       |       |       |       |       |       |       |       ||     1
         Paralysed         |       |    10 |       |     7 |       |       |       |       |       ||    17
         Distracted        |       |       |       |     2 |    11 |    14 |    17 |     2 |     1 ||    47
         Petrified         |       |       |       |     4 |       |       |       |       |       ||     4
         Held in net/web   |       |       |       |       |       |       |       |     1 |       ||     1
 Armour: Animal skin       |     4 |       |       |       |       |       |       |       |       ||     4
         Leather armour    |     7 |    23 |    11 |       |       |       |       |       |       ||    41
         Chain mail        |       |       |    71 |   164 |   263 |    44 |       |       |       ||   542
         Plate armour      |       |       |     3 |       |       |       |       |       |       ||     3
         Scale mail        |       |       |       |       |     8 |       |       |       |       ||     8
         Gold dragon scale |       |       |       |       |       |   476 |   427 |   509 |   327 ||  1739
         Skin              |       |       |       |       |       |       |       |    22 |       ||    22
  Dodge: Dodged            |    38 |    39 |    82 |    95 |   174 |   368 |   209 |   212 |   134 ||  1351
  Block: Other             |    10 |    23 |    24 |       |       |       |       |       |       ||    57
         Reflection        |       |       |     3 |    10 |    45 |    56 |    64 |    31 |    12 ||   221
         Buckler           |       |       |    46 |    33 |       |       |       |       |       ||    79
         Kite shield       |       |       |       |   248 |   632 |   879 |   361 |       |       ||  2120
         Tower shield      |       |       |       |       |       |       |   575 |  1390 |   854 ||  2819
